TOP OF THE 1ST |
Mississippi State University Bulldogs batting - Pitching for Coastal Carolina University Chanticleers : RHP Won-shik Yi
|
Pitching: RHP Won-shik Yi
|
|
Batting: SHB Toshinori Shimabukuro
|
0-0: Ground out 6-3 (Groundball, 6, EV 100.6 MPH)
|
Now at SS: Rene Napoles
|
|
Batting: LHB Tom Ploughman
|
0-0: Ball 1-0: Ball 2-0: Called Strike 2-1: Fly out, F8 (Flyball, 8LS, EV 85.6 MPH)
|
Batting: RHB Benito Gonzales
|
0-0: Ball 1-0: Ball 2-0: Ball 3-0: Called Strike 3-1: Base on Balls
|
Batting: SHB Jim Rutherford
|
0-0: Called Strike 0-1: Called Strike Benito Gonzales is caught stealing 2nd base 2-6
|
Top of the 1st over - 0 runs, 0 hits, 0 errors, 0 left on base; Mississippi State University 0 - Coastal Carolina University 0 |
BOTTOM OF THE 1ST |
Coastal Carolina University Chanticleers batting - Pitching for Mississippi State University Bulldogs : RHP Juan Natividad
|
Pitching: RHP Juan Natividad
|
|
Batting: RHB Rene Napoles
|
0-0: Called Strike 0-1: Swinging Strike 0-2: Strikes out looking
|
Batting: RHB Johnnie Cowan
|
0-0: Ball 1-0: Ground out U3 (Groundball, 34S, EV 84.4 MPH)
|
Batting: RHB Tristan Walsh
|
0-0: Foul Ball, location: 2F 0-1: Called Strike 0-2: Foul Ball, location: 2F 0-2: Fly out, F8 (Flyball, 8LD, EV 93.1 MPH)
|
Bottom of the 1st over - 0 runs, 0 hits, 0 errors, 0 left on base; Mississippi State University 0 - Coastal Carolina University 0 |
TOP OF THE 2ND |
Mississippi State University Bulldogs batting - Pitching for Coastal Carolina University Chanticleers : RHP Won-shik Yi
|
Batting: SHB Jim Rutherford
|
0-0: Ball 1-0: Ball 2-0: SINGLE (Groundball, 34S, EV 68.1 MPH) (infield hit)
|
Batting: RHB Masahito Sunada
|
0-0: Ball 1-0: Ball 2-0: Ball 3-0: Called Strike 3-1: Foul Ball, location: 2F 3-2: Foul Ball, location: 2F 3-2: SINGLE (Line Drive, 9LS, EV 108.1 MPH) Jim Rutherford to second
|
Batting: RHB Eric Riley
|
0-0: Ball 1-0: Swinging Strike 1-1: Swinging Strike 1-2: Strikes out swinging
|
Batting: RHB Karl Lukasiewicz
|
0-0: Ball 1-0: Grounds into double play, 1-6-3 (Groundball, 13S, EV 71.2 MPH)
|
Top of the 2nd over - 0 runs, 2 hits, 0 errors, 1 left on base; Mississippi State University 0 - Coastal Carolina University 0 |
BOTTOM OF THE 2ND |
Coastal Carolina University Chanticleers batting - Pitching for Mississippi State University Bulldogs : RHP Juan Natividad
|
Batting: RHB Mark Tart
|
0-0: SINGLE (Groundball, 4M, EV 106.2 MPH) (infield hit)
|
Batting: LHB Tim Kirby
|
0-0: Ball 1-0: Called Strike 1-1: Called Strike Mark Tart steals 2nd base (no throw) 1-2: Strikes out swinging
|
Batting: RHB Chris McDaniel
|
0-0: Called Strike 0-1: Ground out 6-3 (Groundball, 6, EV 105.0 MPH)
|
Batting: SHB Iher Waithaka
|
0-0: Ball 1-0: Ball 2-0: Ball 3-0: Called Strike 3-1: Base on Balls
|
Batting: LHB Jason Melek
|
0-0: Called Strike 0-1: Foul Ball, location: 2F 0-2: Ball 1-2: Foul Ball, location: 2F 1-2: Ball 2-2: Foul Ball, location: 2F 2-2: Strikes out swinging
|
Bottom of the 2nd over - 0 runs, 1 hit, 0 errors, 2 left on base; Mississippi State University 0 - Coastal Carolina University 0 |
TOP OF THE 3RD |
Mississippi State University Bulldogs batting - Pitching for Coastal Carolina University Chanticleers : RHP Won-shik Yi
|
Batting: RHB Logan Strassburg
|
0-0: Called Strike 0-1: Foul Ball, location: 2F 0-2: Ball 1-2: Fly out, F8 (Flyball, 8LD, EV 88.8 MPH)
|
Batting: RHB Bill Petipas
|
0-0: Ball 1-0: Ball 2-0: SINGLE (Line Drive, 7S, EV 109.4 MPH)
|
Batting: SHB Toshinori Shimabukuro
|
0-0: Ball 1-0: Called Strike 1-1: Called Strike 1-2: Foul Ball, location: 2F 1-2: SINGLE (Groundball, 4D, EV 94.4 MPH) Bill Petipas to second
|
Batting: LHB Tom Ploughman
|
0-0: Called Strike 0-1: Ball 1-1: Ball 2-1: Ball 3-1: Fielders Choice at 2nd, 5-4 (Groundball, 56, EV 92.5 MPH) Bill Petipas to third
|
Batting: RHB Benito Gonzales
|
0-0: Ball 1-0: Ball 2-0: Ball 3-0: Base on Balls Tom Ploughman to second
|
Batting: SHB Jim Rutherford
|
0-0: Fielders Choice at 2nd, 5-4 (Groundball, 56, EV 85.0 MPH)
|
Top of the 3rd over - 0 runs, 2 hits, 0 errors, 3 left on base; Mississippi State University 0 - Coastal Carolina University 0 |
BOTTOM OF THE 3RD |
Coastal Carolina University Chanticleers batting - Pitching for Mississippi State University Bulldogs : RHP Juan Natividad
|
Batting: LHB Nate Kokx
|
0-0: Ball 1-0: Swinging Strike 1-1: Swinging Strike 1-2: Ball 2-2: Foul Ball, location: 2F 2-2: Reached via error on a dropped throw from 2B, E3 (Groundball, 4, EV 89.4 MPH)
|
Batting: RHB Rene Napoles
|
0-0: Called Strike 0-1: Called Strike 0-2: Strikes out swinging
|
Batting: RHB Johnnie Cowan
|
0-0: Called Strike 0-1: Ball 1-1: Swinging Strike 1-2: Strikes out swinging
|
Batting: RHB Tristan Walsh
|
0-0: Fly out, F8 (Flyball, 89M, EV 93.8 MPH)
|
Bottom of the 3rd over - 0 runs, 0 hits, 1 error, 1 left on base; Mississippi State University 0 - Coastal Carolina University 0 |
TOP OF THE 4TH |
Mississippi State University Bulldogs batting - Pitching for Coastal Carolina University Chanticleers : RHP Won-shik Yi
|
Batting: RHB Masahito Sunada
|
0-0: Ball 1-0: Ground out 6-3 (Groundball, 6, EV 103.8 MPH)
|
Batting: RHB Eric Riley
|
0-0: Called Strike 0-1: Swinging Strike 0-2: Strikes out swinging
|
Batting: RHB Karl Lukasiewicz
|
0-0: Ball 1-0: Ball 2-0: Called Strike 2-1: Ground out 6-3 (Groundball, 6, EV 85.0 MPH)
|
Top of the 4th over - 0 runs, 0 hits, 0 errors, 0 left on base; Mississippi State University 0 - Coastal Carolina University 0 |
BOTTOM OF THE 4TH |
Coastal Carolina University Chanticleers batting - Pitching for Mississippi State University Bulldogs : RHP Juan Natividad
|
Batting: RHB Mark Tart
|
0-0: Ground out 6-3 (Groundball, 6, EV 97.5 MPH)
|
Batting: LHB Tim Kirby
|
0-0: Called Strike 0-1: Swinging Strike 0-2: Ball 1-2: Ball 2-2: Foul Ball, location: 2F 2-2: Strikes out swinging
|
Batting: RHB Chris McDaniel
|
0-0: Foul Ball, location: 2F 0-1: Called Strike 0-2: Strikes out looking
|
Bottom of the 4th over - 0 runs, 0 hits, 0 errors, 0 left on base; Mississippi State University 0 - Coastal Carolina University 0 |
TOP OF THE 5TH |
Mississippi State University Bulldogs batting - Pitching for Coastal Carolina University Chanticleers : RHP Won-shik Yi
|
Batting: RHB Logan Strassburg
|
0-0: Ball 1-0: Foul Ball, location: 2F 1-1: Ground out 4-3 (Groundball, 34, EV 89.4 MPH)
|
Batting: RHB Bill Petipas
|
0-0: Called Strike 0-1: Called Strike 0-2: Strikes out swinging
|
Batting: SHB Toshinori Shimabukuro
|
0-0: Called Strike 0-1: Called Strike 0-2: Ball 1-2: Ball 2-2: SINGLE (Groundball, 56S, EV 69.4 MPH) (infield hit)
|
Batting: LHB Tom Ploughman
|
0-0: Ball 1-0: Foul Ball, location: 2F 1-1: Ball 2-1: Called Strike 2-2: Ground out 3-1 (Groundball, 3D, EV 108.8 MPH)
|
Top of the 5th over - 0 runs, 1 hit, 0 errors, 1 left on base; Mississippi State University 0 - Coastal Carolina University 0 |
BOTTOM OF THE 5TH |
Coastal Carolina University Chanticleers batting - Pitching for Mississippi State University Bulldogs : RHP Juan Natividad
|
Batting: SHB Iher Waithaka
|
0-0: Ball 1-0: Called Strike 1-1: Ground out 6-3 (Groundball, 6, EV 83.8 MPH)
|
Batting: LHB Jason Melek
|
0-0: Ground out 6-3 (Groundball, 6, EV 87.5 MPH)
|
Batting: LHB Nate Kokx
|
0-0: Called Strike 0-1: Foul Ball, location: 2F 0-2: Foul Ball, location: 2F 0-2: Foul Ball, location: 2F 0-2: Ball 1-2: Strikes out swinging
|
Bottom of the 5th over - 0 runs, 0 hits, 0 errors, 0 left on base; Mississippi State University 0 - Coastal Carolina University 0 |
TOP OF THE 6TH |
Mississippi State University Bulldogs batting - Pitching for Coastal Carolina University Chanticleers : RHP Won-shik Yi
|
Pitching: LHP David Medina
|
|
Batting: RHB Benito Gonzales
|
0-0: Ball 1-0: Ball 2-0: SINGLE (Line Drive, 9LM, EV 100.0 MPH)
|
Batting: SHB Jim Rutherford
|
|
Pinch Hitting: SHB Shou-xin Ouyang
|
0-0: Ball 1-0: Ball 2-0: Foul Ball, location: 2F 2-1: Fielders Choice at 2nd, 6-4 (Groundball, 6, EV 100.6 MPH)
|
Batting: RHB Masahito Sunada
|
0-0: Ball 1-0: Called Strike 1-1: Foul Ball, location: 2F 1-2: Strikes out looking
|
Batting: RHB Eric Riley
|
0-0: Hit by Pitch Shou-xin Ouyang to second
|
Batting: RHB Karl Lukasiewicz
|
0-0: Ball 1-0: Ball 2-0: Foul Ball, location: 2F 2-1: Ball 3-1: Fly out, F8 (Line Drive, 8RD, EV 98.8 MPH)
|
Top of the 6th over - 0 runs, 1 hit, 0 errors, 2 left on base; Mississippi State University 0 - Coastal Carolina University 0 |
BOTTOM OF THE 6TH |
Coastal Carolina University Chanticleers batting - Pitching for Mississippi State University Bulldogs : RHP Juan Natividad
|
Now at 2B: Shou-xin Ouyang
|
|
Batting: RHB Rene Napoles
|
0-0: Ball 1-0: Called Strike 1-1: Called Strike 1-2: Strikes out swinging
|
Batting: RHB Johnnie Cowan
|
0-0: Ball 1-0: Foul Ball, location: 2F 1-1: Foul Ball, location: 2F 1-2: Fly out, F8 (Flyball, 89D, EV 84.4 MPH)
|
Batting: RHB Tristan Walsh
|
0-0: Ball 1-0: Called Strike 1-1: Ball 2-1: Ground out 5-3 (Groundball, 15, EV 83.1 MPH)
|
Bottom of the 6th over - 0 runs, 0 hits, 0 errors, 0 left on base; Mississippi State University 0 - Coastal Carolina University 0 |
TOP OF THE 7TH |
Mississippi State University Bulldogs batting - Pitching for Coastal Carolina University Chanticleers : LHP David Medina
|
Pitching: RHP Jayden Cody
|
|
Batting: RHB Logan Strassburg
|
0-0: Called Strike 0-1: Ball 1-1: Ball 2-1: Ball 3-1: Fly out, F9 (Flyball, 9, EV 88.1 MPH)
|
Batting: RHB Bill Petipas
|
0-0: Ball 1-0: Ball 2-0: Ball 3-0: Base on Balls
|
Batting: SHB Toshinori Shimabukuro
|
0-0: Called Strike 0-1: Ball 1-1: SINGLE (Groundball, 56D, EV 97.5 MPH) Bill Petipas to second
|
Batting: LHB Tom Ploughman
|
0-0: Called Strike 0-1: SINGLE (Groundball, 4D, EV 105.0 MPH) Bill Petipas to third Toshinori Shimabukuro to second Runner from 3rd tries for Home, SAFE, throw by CF to home
|
Batting: RHB Benito Gonzales
|
0-0: Ball 1-0: Foul Ball, location: 2F 1-1: Swinging Strike 1-2: SINGLE (Groundball, 56D, EV 99.4 MPH) Toshinori Shimabukuro to third Tom Ploughman to second Runner from 3rd tries for Home, SAFE, throw by LF to home
|
Batting: SHB Shou-xin Ouyang
|
0-0: Foul Ball, location: 2F 0-1: Ball 1-1: Fielders Choice at 2nd, 6-4 (Groundball, 6M, EV 90.6 MPH) Tom Ploughman to third
|
Batting: RHB Masahito Sunada
|
0-0: SINGLE (Groundball, 56D, EV 98.8 MPH) Tom Ploughman scores Shou-xin Ouyang to second
|
Pitching: RHP John Pippy
|
|
Batting: RHB Eric Riley
|
0-0: Called Strike 0-1: Swinging Strike 0-2: Ball 1-2: Ball 2-2: Strikes out looking
|
Top of the 7th over - 3 runs, 4 hits, 0 errors, 2 left on base; Mississippi State University 3 - Coastal Carolina University 0 |
BOTTOM OF THE 7TH |
Coastal Carolina University Chanticleers batting - Pitching for Mississippi State University Bulldogs : RHP Juan Natividad
|
Batting: RHB Mark Tart
|
0-0: Ball 1-0: Ball 2-0: Fly out, F4 (Popup, 4S, EV 75.0 MPH)
|
Pitching: RHP Julio Espana
|
|
Batting: LHB Tim Kirby
|
0-0: Swinging Strike 0-1: Swinging Strike 0-2: Ball 1-2: Strikes out looking
|
Batting: RHB Chris McDaniel
|
0-0: Called Strike 0-1: Called Strike 0-2: Ground out 5-3 (Groundball, 56, EV 105.0 MPH)
|
Bottom of the 7th over - 0 runs, 0 hits, 0 errors, 0 left on base; Mississippi State University 3 - Coastal Carolina University 0 |
TOP OF THE 8TH |
Mississippi State University Bulldogs batting - Pitching for Coastal Carolina University Chanticleers : RHP John Pippy
|
Batting: RHB Karl Lukasiewicz
|
0-0: Ball 1-0: Called Strike 1-1: Ball 2-1: Ground out U3 (Groundball, 3, EV 85.0 MPH)
|
Batting: RHB Logan Strassburg
|
0-0: Called Strike 0-1: Ground out 4-3 (Groundball, 4S, EV 78.8 MPH)
|
Batting: RHB Bill Petipas
|
0-0: Ball 1-0: Called Strike 1-1: Reached on error, E9 (Line Drive, 89M, EV 86.2 MPH)
|
Batting: SHB Toshinori Shimabukuro
|
0-0: Foul Ball, location: 2F 0-1: Fly out, F7 (Flyball, 7D, EV 101.9 MPH)
|
Top of the 8th over - 0 runs, 0 hits, 1 error, 1 left on base; Mississippi State University 3 - Coastal Carolina University 0 |
BOTTOM OF THE 8TH |
Coastal Carolina University Chanticleers batting - Pitching for Mississippi State University Bulldogs : RHP Julio Espana
|
Batting: SHB Iher Waithaka
|
0-0: Fly out, F9 (Line Drive, 89S, EV 100.6 MPH)
|
Batting: LHB Jason Melek
|
0-0: Ball 1-0: Ball 2-0: Ball 3-0: Base on Balls
|
Batting: LHB Nate Kokx
|
0-0: Foul Ball, location: 2F 0-1: Called Strike 0-2: Ball 1-2: Ball 2-2: Foul Ball, location: 2F 2-2: Fielders Choice at 2nd, 1-6 (Groundball, 13S, EV 67.5 MPH)
|
Batting: RHB Rene Napoles
|
0-0: Ball 1-0: Ball 2-0: Called Strike 2-1: SINGLE (Line Drive, 4D, EV 95.6 MPH) Nate Kokx to second
|
Batting: RHB Johnnie Cowan
|
0-0: Fielders Choice at 2nd, 6-4 (Groundball, 6, EV 80.6 MPH)
|
Bottom of the 8th over - 0 runs, 1 hit, 0 errors, 2 left on base; Mississippi State University 3 - Coastal Carolina University 0 |
TOP OF THE 9TH |
Mississippi State University Bulldogs batting - Pitching for Coastal Carolina University Chanticleers : RHP John Pippy
|
Pitching: RHP Tetsuaki Nakamura
|
|
Batting: LHB Tom Ploughman
|
0-0: Called Strike 0-1: Swinging Strike 0-2: Ball 1-2: Foul Ball, location: 2F 1-2: Strikes out swinging
|
Batting: RHB Benito Gonzales
|
0-0: Ball 1-0: Foul Ball, location: 2F 1-1: Ground out 6-3 (Groundball, 6, EV 85.0 MPH)
|
Batting: SHB Shou-xin Ouyang
|
0-0: Called Strike 0-1: Ball 1-1: Ball 2-1: Ball 3-1: Fly out, F6 (Line Drive, 6, EV 63.1 MPH)
|
Top of the 9th over - 0 runs, 0 hits, 0 errors, 0 left on base; Mississippi State University 3 - Coastal Carolina University 0 |
BOTTOM OF THE 9TH |
Coastal Carolina University Chanticleers batting - Pitching for Mississippi State University Bulldogs : RHP Julio Espana
|
Pitching: RHP Josh Noonan
|
|
Batting: RHB Tristan Walsh
|
0-0: Called Strike 0-1: Ball 1-1: Ball 2-1: Foul Ball, location: 2F 2-2: Strikes out swinging
|
Batting: RHB Mark Tart
|
0-0: Called Strike 0-1: Ball 1-1: Foul Ball, location: 2F 1-2: TRIPLE (Flyball, 89XD, EV 105.6 MPH)
|
Batting: LHB Tim Kirby
|
0-0: Called Strike 0-1: Ball 1-1: Foul Ball, location: 2F 1-2: Ball 2-2: Ball 3-2: Strikes out swinging
|
Pinch Hitting: RHB Pedro Delgado
|
0-0: Ball 1-0: Ball 2-0: Swinging Strike 2-1: Called Strike 2-2: Foul Ball, location: 2F 2-2: Strikes out looking
|
Bottom of the 9th over - 0 runs, 1 hit, 0 errors, 1 left on base; Mississippi State University 3 - Coastal Carolina University 0 |
|